 Dungeon Crawl Stone Soup version 0.19.1 (webtiles) character file.

97 Ladykiller69 the Skirmisher (level 4, -1/40 HPs)
             Began as a Minotaur Abyssal Knight on Dec 6, 2016.
             Was a Follower of Lugonu.
             Slain by a bullfrog zombie (3 damage)
             ... on level 3 of the Dungeon.
             The game lasted 00:04:21 (1428 turns).

Ladykiller69 the Skirmisher (MiAK)                  Turns: 1428, Time: 00:04:22

Health: -1/40      AC:  4    Str: 17    XL:     4   Next: 42%
Magic:  4/4        EV: 12    Int:  9    God:    Lugonu [*.....]
Gold:   130        SH:  0    Dex: 10    Spells: 0 memorised, 3 levels left

rFire  . . .     SeeInvis .     a - +2 falchion
rCold  . . .     Gourm    .     b - +0 leather armour
rNeg   . . .     Faith    .     (no shield)
rPois  .         Spirit   .     (helmet restricted)
rElec  .         Reflect  .     (no cloak)
rCorr  .         Harm     .     (no gloves)
MR     .....                    o - +0 pair of boots
Stlth  +.........               (no amulet)
                                (no ring)
                                (no ring)

@: no status effects
A: retaliatory headbutt, horns 2
a: Depart the Abyss, Renounce Religion


You were on level 3 of the Dungeon.
You worshipped Lugonu.
Lugonu was aware of your devotion.
You were hungry.

You visited 1 branch of the dungeon, and saw 3 of its levels.
You visited the Abyss 1 time.

You collected 130 gold pieces.

Inventory:

Hand Weapons
 a - a +2 falchion (weapon)
Missiles
 r - 88 stones (quivered)
Armour
 b - a +0 leather armour (worn)
 o - a +0 pair of boots (worn)
Jewellery
 g - a +4 ring of strength {unknown}
 j - an uncursed amulet of the gourmand {unknown}
Scrolls
 d - a scroll of random uselessness
 i - a scroll of fog
 q - a scroll of fear
Potions
 e - 2 potions of brilliance {unknown}
 n - a potion of curing {unknown}
Comestibles
 c - 2 bread rations
 k - 4 fruits
 p - 3 chunks of flesh
 s - a slice of pizza


   Skills:
 - Level 4.0 Fighting
 * Level 3.8 Long Blades
 + Level 3.5 Armour
 + Level 1.9 Dodging
 + Level 2.4 Invocations


You had 3 spell levels left.
You didn't know any spells.

Dungeon Overview and Level Annotations

Branches:
Dungeon (3/15)

Altars:


Innate Abilities, Weirdness & Mutations

You reflexively headbutt those who attack you in melee.
You have a pair of horns on your head.


Message History

Found 14 stones and a slice of pizza.
A bullfrog zombie comes into view.
You hit the bullfrog zombie.
Your headbutt misses the bullfrog zombie.
The bullfrog zombie is moderately damaged.
The bullfrog zombie misses you.
You hit the bullfrog zombie.
The bullfrog zombie is moderately damaged.
The bullfrog zombie barely misses you. You furiously retaliate!
You headbutt the bullfrog zombie!
You riposte.
You barely miss the bullfrog zombie. You headbutt the bullfrog zombie!
The bullfrog zombie is severely damaged.
The bullfrog zombie hits you.
* * * LOW HITPOINT WARNING * * *
You are too injured to fight recklessly!
You are too injured to fight recklessly!
You hit the bullfrog zombie.
The bullfrog zombie is almost destroyed.
The bullfrog zombie hits you.
You die...

## .# .# .# .# .#
.%.#####.####
......Z@....############
###.......(........§§§§#
.........##.##########§#
###?....## # #§#
#.......## #§#
.......... ###.#
##.......####### #...#
##........w...# #.###
##...#######.# #.#


You could see a bullfrog zombie.

Vanquished Creatures
  Ijyb (D:2)
  2 adders
  A worm (D:2)
  3 dart slugs (D:1)
  A leopard gecko (D:2)
  2 ball pythons
  7 giant cockroaches
  5 goblins
  3 hobgoblins
  3 jackals (D:1)
  A quokka (D:2)
  2 bats (D:1)
  4 frilled lizards
  4 kobolds
  4 rats
43 creatures vanquished.

Notes
Turn   | Place    | Note
-------+----------+-------------------------------------------
     0 | Abyss:1  | Ladykiller69 the Minotaur Abyssal Knight began the quest for the Orb.
     0 | Abyss:1  | Reached XP level 1. HP: 19/19 MP: 1/1
     1 | Abyss:1  | Found a corrupted altar of Lugonu.
    29 | Abyss:1  | Noticed a hellion
    30 | D:1      | Escaped the Abyss
   241 | D:1      | Reached XP level 2. HP: 23/27 MP: 2/2
   444 | D:1      | Reached * piety under Lugonu
   663 | D:1      | Reached XP level 3. HP: 23/33 MP: 3/3
   690 | D:1      | Reached skill level 4 in Fighting
   809 | D:2      | Found a faded altar of an unknown god.
   979 | D:2      | Noticed Ijyb
   987 | D:2      | Killed Ijyb
   997 | D:2      | Reached XP level 4. HP: 33/40 MP: 4/4
  1427 | D:3      | HP: 2/40 [bullfrog zombie (4)]
  1428 | D:3      | Slain by a bullfrog zombie

Skill      XL: |  1  2  3 |
---------------+----------+-----
Long Blades    | 3 |  3.8
Invocations    | 2 |  2.4
Fighting       | 4 |  4.0
Armour         | 3 |  3.5
Dodging        | |  1.9

Action                   |  1- 3 |  4- 6 || total
-------------------------+-------+-------++-------
Melee: Falchion          |    66 |    30 ||    96
       Headbutt          |     6 |     2 ||     8
Invok: Depart the Abyss  |     1 |       ||     1
  Use: Scroll            |       |     9 ||     9
  Eat: Chunk             |       |     1 ||     1
Armor: Leather armour    |    17 |     4 ||    21
Dodge: Dodged            |    35 |    17 ||    52
       Rpst.: Falchion   |    11 |     6 ||    17
